 Dungeon Crawl Stone Soup version 0.28.0-53-g5a82cb258f (webtiles) character file.

Game seed: 10670778833837319791

984 mcbry74 the Chopper (level 8, 0/66 HPs)
             Began as a Hill Orc Fighter on July 25, 2022.
             Killed from afar by Dowan (14 damage)
             ... with a shard of ice
             ... on level 5 of the Dungeon.
             The game lasted 00:10:29 (4020 turns).

mcbry74 the Chopper (Hill Orc Fighter)              Turns: 4020, Time: 00:10:29

Health: 0/66       AC:  9    Str: 19    XL:     8   Next: 18%
Magic:  8/8        EV:  5    Int: 10    God:
Gold:   191        SH:  8    Dex: 10    Spells: 7/7 levels left

rFire   . . .      SeeInvis .   w - +11 flail
rCold   . . .      Faith    .   y - +0 kite shield
rNeg    . . .      Spirit   .   x - +0 chain mail
rPois   .          Reflect  .   (no helmet)
rElec   .          Harm     .   (no cloak)
rCorr   .          Rampage  .   (no gloves)
Will    .....                   (no boots)
Stlth   ..........              l - amulet of regeneration
HPRegen 1.01/turn               (no ring)
MPRegen 0.11/turn               (no ring)

@: lethally poisoned (0 -> -1)
A: no striking features
a: no special abilities


You were on level 5 of the Dungeon.
You visited 1 branch of the dungeon, and saw 5 of its levels.

You collected 191 gold pieces.

Inventory:

Hand Weapons
 a - a +0 war axe
 e - a +2 whip of venom
 v - a +1 mace of draining
 w - a +11 flail (weapon)
Missiles
 r - 2 poisoned darts (quivered)
Armour
 b - a +0 scale mail
 c - a +0 buckler
 h - a scarf of shadows
 x - a +0 chain mail (worn)
 y - a +0 kite shield (worn)
Jewellery
 l - an amulet of regeneration (around neck)
 q - a ring of magical power
 t - a ring of ice
 u - a ring of poison resistance
Wands
 z - a wand of polymorph (9)
Scrolls
 f - a scroll of blinking {unknown}
 g - 3 scrolls of identify {unknown}
 i - 3 scrolls of fear {unknown}
 j - 2 scrolls of amnesia {unknown}
 k - 2 scrolls of noise {unknown}
 m - a scroll of acquirement {unknown}
 o - 3 scrolls of teleportation {unknown}
 p - a scroll of immolation {unknown}
 B - a scroll of magic mapping {unknown}
Potions
 d - a potion of might
 n - a potion of curing
 s - a potion of brilliance {unknown}
 A - a potion of mutation {unknown}
 C - a potion of degeneration {unknown}


   Skills:
 - Level 4.0 Fighting
 - Level 5.7(7.2) Axes
 + Level 5.5(6.4) Maces & Flails
 + Level 4.8 Throwing
 - Level 4.0 Armour
 - Level 4.0 Shields


You had 7 spell levels left.
You didn't know any spells.
Your spell library contained the following spells:

 Spells                   Type           Power      Damage    Failure   Level
 Slow                     Hex            0%         N/A       100%        1
 Summon Small Mammal      Summ           0%         N/A       100%        1
 Static Discharge         Conj/Air       0%         N/A       100%        2
 Call Canine Familiar     Summ           0%         N/A       100%        3
 Confusing Touch          Hex            0%         N/A       100%        3
 Summon Guardian Golem    Hex/Summ       0%         N/A       100%        3
 Vampiric Draining        Necr           0%         2d6       100%        3
 Lightning Bolt           Conj/Air       0%         1d11      100%        5
 Maxwell's Capacitive Co  Air            0%         ∞         100%        8


Dungeon Overview and Level Annotations

Branches:
Dungeon (5/15)
 Temple: D:4-7

Altars:
Hepliaklqana
Xom

Annotations:
D:5 Dowan


Message History

You are more poisoned.
You miss Dowan.
Dowan is heavily wounded.
* * * LOW HITPOINT WARNING * * *
You feel extremely sick. Dowan hits you but does no damage.
Dowan mumbles some strange words.
Dowan blinks!
It was a potion of curing.
You feel better.
Dowan mumbles some strange words.
Dowan blinks!
Throw: 3 darts (poison)
Press: ? - help, Q - select action, (/) - cycle Shift-Dir - straight line, f - Dowan
Aim: Dowan, wielding a +5 dagger of venom and wearing a +1 robe of fire resistance (heavily wounded, fast, 50% to hit)
You throw a poisoned dart. The poisoned dart closely misses Dowan.
Dowan gestures at you while chanting. You block the shard of ice.
Throw: 2 darts (poison)
Press: ? - help, Q - select action, (/) - cycle Shift-Dir - straight line, f/p - Dowan
Aim: Dowan, wielding a +5 dagger of venom and wearing a +1 robe of fire resistance (heavily wounded, fast, 50% to hit)
Okay, then.
You closely miss Dowan.
Dowan is heavily wounded.
You block Dowan's attack.
Dowan says, "Her death will not be in vain!"
Dowan hits you with a +5 dagger of venom.
* * * LOW HITPOINT WARNING * * *
You hit Dowan.
Dowan is severely wounded.
Dowan hits you with a +5 dagger of venom.
* * * LOW HITPOINT WARNING * * *
You are poisoned.
Dowan hits you with a +5 dagger of venom.
* * * LOW HITPOINT WARNING * * *
You hit Dowan.
Dowan is almost dead.
You feel very sick.
Dowan points at you and mumbles some strange words.
The shard of ice hits you!
You die...

......#.##. #.##.#.#
#.#
........##.##.##(#.#
#.#
#########...#.##.#.#
#.# #.#.##.#.# #.# #
#...##.#.# #.#
#.#.##..##.#.#####.###
.
....................>#
#
#.#.##..##e#.#####.#.#
#..##@#.# #.#.#
#...#.##.#.# ###.#.#
###.#..#.#.# #...#.#
#.#..#.#.###.###.# #
#e.#.#.##....#.#
#..#.#.##..#.#.######
.e.#.#.##..#.#.......
.....# #..#.########
#..#.........


You could see Dowan (fast).

Vanquished Creatures
  Duvessa (D:5)
  2 ogres (D:5)
  A centaur (D:5)
  An orc warrior (D:4)
  2 phantoms (D:5)
  Blork the orc (D:4)
  A water moccasin skeleton (D:5)
  2 jellies (D:5)
  A bullfrog zombie (D:5)
  2 iguanas
  A howler monkey zombie (D:5)
  6 adders
  2 worms (D:2)
  An orc (D:5)
  6 bats
  6 endoplasms
  A giant cockroach (D:1)
  11 goblins
  8 hobgoblins
  2 jackals (D:4)
  7 kobolds
  2 quokkas
  4 ball pythons
  4 frilled lizards
  9 rats
84 creatures vanquished.

Notes
Turn   | Place    | Note
-------+----------+-------------------------------------------
     0 | D:1      | mcbry74 the Hill Orc Fighter began the quest for the Orb.
     0 | D:1      | Reached XP level 1. HP: 19/19 MP: 1/1
   537 | D:1      | Reached XP level 2. HP: 27/27 MP: 2/2
   900 | D:1      | Found a faded altar of an unknown god.
  1178 | D:2      | Reached XP level 3. HP: 33/33 MP: 3/3
  1255 | D:2      | Found a shimmering altar of Xom.
  2183 | D:3      | Reached XP level 4. HP: 40/40 MP: 4/4
  2900 | D:4      | Noticed an orc warrior
  2911 | D:4      | Killed an orc warrior
  2912 | D:4      | Reached skill level 5 in Axes
  2912 | D:4      | Reached skill level 1 in Throwing
  2912 | D:4      | Reached XP level 5. HP: 46/46 MP: 5/5
  3039 | D:4      | Found a faded altar of an unknown god.
  3040 | D:4      | Found a hazy altar of Hepliaklqana.
  3159 | D:4      | Found Nuymey's Jewellery Shop.
  3259 | D:4      | Noticed Blork the orc
  3270 | D:4      | Killed Blork the orc
  3271 | D:4      | Reached skill level 1 in Maces & Flails
  3271 | D:4      | Reached XP level 6. HP: 36/52 MP: 6/6
  3510 | D:5      | Entered Level 5 of the Dungeon
  3632 | D:5      | Reached XP level 7. HP: 46/59 MP: 7/7
  3916 | D:5      | Reached skill level 5 in Maces & Flails
  3916 | D:5      | Reached XP level 8. HP: 66/66 MP: 8/8
  3995 | D:5      | Noticed Dowan
  3996 | D:5      | Noticed Duvessa
  4013 | D:5      | Killed Duvessa
  4020 | D:5      | Killed from afar by Dowan

Illustrated notes

Levels and vault maps discovered:
D:1:      minmay_arrival_widening_spiral_narrow, layout_loops_ring,
          hellmonk_ecumenical_altar_run_dry, nrook_mini_vaults
D:2:      layout_loops_corners, basic_altar, kennysheep_generic_room_13
D:3:      layout_basic, amcnicky_mini_corridor_feature,
          minmay_misc_feat_enclosed
D:4:      layout_basic, beargit_hepliaklqana_dungeon_heroes, serial_shops,
          nicolae_stop_n_shop_2, uniq_blork_the_orc
D:5:      layout_basic, hangedman_decor_slide_cut, minmay_chambers_of_fives,
          uniq_duvessa

Skill      XL: |  1  2  3  4  5  6  7 |
---------------+----------------------+-----
Axes           | 3 4 5 |  5.7
Fighting       | 4 |  4.0
Armour         | 4 |  4.0
Shields        | 4 |  4.0
Throwing       | 1 2 3 4 |  4.8
Maces & Flails | 1 3 5 |  5.5

Action                   |  1- 3 |  4- 6 |  7- 9 || total
-------------------------+-------+-------+-------++-------
Melee: Whip              |   100 |    54 |       ||   154
       Flail             |       |    29 |    43 ||    72
Throw: Dart              |       |     3 |     1 ||     4
  Use: Potion            |       |       |     1 ||     1
Armor: Scale mail        |    40 |    15 |       ||    55
       Chain mail        |       |     6 |    17 ||    23
Dodge: Dodged            |    30 |    29 |    10 ||    69
Block: Buckler           |    14 |     8 |       ||    22
       Kite shield       |       |     8 |    20 ||    28
